 Dungeon Crawl Stone Soup version 0.32-a0-996-gb3226c233f (webtiles) character file.

Game seed: 8723035492429620991

409 RBrandon the Ducker (level 6, -2/48 HPs)
             Began as a Merfolk Warper on Apr 23, 2024.
             Was an Initiate of Okawaru.
             Slain by a black bear (11 damage)
             ... on level 5 of the Dungeon.
             The game lasted 00:11:23 (4347 turns).

RBrandon the Ducker (Merfolk Warper)                Turns: 4347, Time: 00:11:23

Health: -2/48      AC:  4    Str: 11    XL:     6   Next: 89%
Magic:  9/9        EV: 12    Int: 12    God:    Okawaru [......]
Gold:   210        SH:  0    Dex: 16    Spells: 4/9 levels left

rFire   + . .        a - +0 falchion
rCold   . . .        (no shield)
rNeg    . . .        g - +0 leather armour
rPois   .            n - +0 helmet
rElec   .            (no cloak)
rCorr   .            (no gloves)
SInv    .            (no boots)
Will    .....        (no amulet)
Stlth   +            o - +4 ring of slaying
HPRegen 0.28/turn    x - ring of protection from fire
MPRegen 0.11/turn

%: no passive effects
@: no status effects
A: (nimble swimmer 2), mertail
a: Renounce Religion


You were on level 5 of the Dungeon.
You worshipped Okawaru.
Okawaru was noncommittal.
You visited 2 branches of the dungeon, and saw 6 of its levels.

You collected 252 gold pieces.
You spent 42 gold pieces at shops.

Inventory:

Hand Weapons
 a - a +0 falchion (weapon)
 b - a +0 sling
 t - a +3 glaive
Missiles
 d - 6 darts of dispersal
Armour
 g - a +0 leather armour (worn)
 n - a +0 helmet (worn)
Jewellery
 o - a +4 ring of slaying (left hand)
 x - a ring of protection from fire (right hand)
Wands
 q - a wand of mindburst (15)
 y - a wand of paralysis (2)
 A - a wand of digging (4)
Scrolls
 c - 3 scrolls of blinking
 i - a scroll of fog {unknown}
 j - 2 scrolls of enchant armour {unknown}
 k - 3 scrolls of identify {unknown}
 l - 3 scrolls of teleportation
 p - a scroll of noise {unknown}
 r - a scroll of revelation {unknown}
 w - a scroll of enchant weapon {unknown}
 z - 2 scrolls of poison {unknown}
Potions
 e - a potion of brilliance {unknown}
 f - 2 potions of degeneration {unknown}
 h - a potion of berserk rage {unknown}
 m - a potion of curing {unknown}
 s - a potion of heal wounds {unknown}
 u - a potion of haste {unknown}
 v - a potion of mutation {unknown}
 B - a potion of might {unknown}
 C - a potion of magic {unknown}


   Skills:
 - Level 4.1 Fighting
 - Level 4.6 Long Blades
 + Level 2.1 Throwing
 - Level 0.6 Armour
 - Level 5.0 Dodging
 - Level 2.0 Spellcasting
 - Level 3.6 Translocations


You had 4 spell levels left.
You knew the following spells:

 Your Spells              Type           Power      Damage    Failure   Level
a - Blink                 Tloc           18%        N/A       12%         2
b - Maxwell's Portable P  Tloc           9%         2d(6-16)  24%         3

Your spell library contained the following spells:

 Spells                   Type           Power      Damage    Failure   Level
 Lesser Beckoning         Tloc           18%        N/A       12%         2
 Teleport Other           Tloc           9%         N/A       24%         3
 Freeze                   Ice            4%         1d3       34%         1
 Shock                    Conj/Air       4%         1d3       34%         1
 Volatile Blastmotes      Fire/Tloc      10%        2d10      45%         3
 Dazzling Flash           Conj/Hex       2%         N/A       71%         3
 Frozen Ramparts          Ice            2%         1d1       71%         3
 Hailstorm                Conj/Ice       1%         3d5       71%         3
 Mephitic Cloud           Conj/Alch/Air  1%         N/A       71%         3
 Swiftness                Air            1%         N/A       71%         3
 Iskenderun's Mystic Bla Conj/Tloc 5%             2d3        (+2d1     86%         4
 Vhi's Electric Charge    Tloc/Air       10%        N/A       86%         4
 Airstrike                Air            0%         2d(1-17)  98%         4
 Fulminant Prism          Conj/Alch      0%         3d5       98%         4
 Silence                  Hex/Air        0%         N/A       100%        5


Dungeon Overview and Level Annotations

Branches:
Dungeon (5/15)             Temple (1/1) D:4

Altars:
Ashenzari
Dithmenos
Elyvilon
Fedhas
Hepliaklqana
Makhleb
Okawaru
Ru
Sif Muna
Vehumet
Xom
Yredelemnul
Zin

Shops:
D:2 *?:*

Annotations:
D:4 exclusion: upstairs


Innate Abilities, Weirdness & Mutations

((You are very nimble when in or above water. (Stealth+, EV+, Speed+++)))
Your lower body shifts to a powerful aquatic tail in water.


Message History

You throw a poisoned dart. The poisoned dart hits the black bear.
The black bear looks even sicker.
The black bear is lightly wounded.
Throw: dart (poison)
Press: ? - help, Q - select action, (/) - cycle Shift-Dir - straight line, f/p - black bear
Aim: a black bear (lightly wounded, very poisoned, 72% to hit)
You throw a poisoned dart. The poisoned dart hits the black bear.
The black bear is lightly wounded.
You hit the black bear.
The black bear is moderately wounded.
The black bear bites you. The black bear closely misses you.
The black bear claws you.
You hit the black bear.
The black bear is heavily wounded.
The black bear bites you. The black bear closely misses you. x2
You barely miss the black bear.
The black bear is heavily wounded.
The black bear bites you! The black bear claws you. x2
* * * LOW HITPOINT WARNING * * *
You hit the black bear.
The black bear is severely wounded.
The black bear barely misses you. x3; The black bear bites you!
* * * LOW HITPOINT WARNING * * *
The black bear claws you but does no damage. x2
You hit the black bear.
The black bear is severely wounded.
The black bear goes berserk!
You hit the black bear.
The black bear is almost dead.
The black bear bites you but does no damage.
The black bear barely misses you. The black bear claws you.
* * * LOW HITPOINT WARNING * * *
You barely miss the black bear.
The black bear is almost dead.
The black bear bites you.
* * * LOW HITPOINT WARNING * * *
The black bear closely misses you. The black bear claws you.
* * * LOW HITPOINT WARNING * * *
The black bear bites you!
You die...

...........#
.......... #
#.......#
#.##.......#
##..........#
.......<....#
............#
............#####..
.....>....@........
...........h.......
.<###...####(......
. ###.# (....## ..#
.....# #.. (....#
## .(..## ##...
..##


You could see a black bear (berserk, poisoned).

Vanquished Creatures
  A bombardier beetle (D:3)
  Terence (D:3)
  2 hounds (D:4)
  Ijyb (D:4)
  A sleepcap (D:4)
  An orc wizard (D:3)
  4 gnolls (D:3)
  5 adders
  4 ribbon worms
  9 orcs
  7 bats
  11 endoplasms
  A giant cockroach (D:4)
  18 goblins
  7 hobgoblins
  7 jackals (D:4)
  2 quokkas
  9 ball pythons
  11 frilled lizards
  7 kobolds
  6 rats
115 creatures vanquished.

Notes
Turn   | Place    | Note
-------+----------+-------------------------------------------
     0 | D:1      | RBrandon the Merfolk Warper began the quest for the Orb.
     0 | D:1      | Reached XP level 1. HP: 16/16 MP: 3/3
   217 | D:1      | Reached skill level 3 in Dodging
   217 | D:1      | Reached XP level 2. HP: 23/23 MP: 5/5
   659 | D:1      | Reached XP level 3. HP: 27/28 MP: 6/6
  1163 | D:2      | Found Qapteih's Assorted Antiques.
  1503 | D:2      | Found Webe's General Store.
  1581 | D:2      | Found Suhek's Book Shop.
  1594 | D:2      | Found Ceadwon's Magic Scroll Boutique.
  1601 | D:2      | Learned a level 2 spell: Blink
  1605 | D:2      | Learned a level 3 spell: Maxwell's Portable Piledriver
  1609 | D:2      | Bought a scroll of teleportation for 42 gold pieces
  1806 | D:2      | Found Dehoeb's Assorted Antiques.
  1873 | D:2      | Reached XP level 4. HP: 34/34 MP: 7/7
  2177 | D:3      | You fall into a shaft and drop 1 floor!
  2282 | D:3      | Noticed Terence
  2346 | D:4      | Reached skill level 4 in Dodging
  2346 | D:4      | Reached XP level 5. HP: 26/41 MP: 8/8
  2628 | D:4      | Noticed Ijyb
  2943 | D:3      | Killed Terence
  2944 | D:3      | Reached XP level 6. HP: 40/48 MP: 9/9
  3825 | D:4      | Reached skill level 5 in Dodging
  3826 | D:4      | Found a staircase to the Ecumenical Temple.
  3835 | Temple   | Entered the Ecumenical Temple
  3842 | Temple   | Became a worshipper of Warmaster Okawaru
  4187 | D:4      | Killed Ijyb
  4330 | D:5      | Entered Level 5 of the Dungeon
  4334 | D:5      | Noticed a black bear
  4347 | D:5      | Slain by a black bear

Illustrated notes

Levels and vault maps discovered:
D:1:      saegor_arrival_simple_a, layout_loops_corners
D:2:      layout_loops_corners, serial_shops, nicolae_shop_hallway_stairs, shop,
          shop_fountains, nicolae_shop_trees, nicolae_shop_waterfront,
          hangedman_feature_mirror, st_stairs_14
D:3:      layout_loops_cross, roderic_roman_lattice, moated_statue, uniq_terence
D:4:      kennysheep_goblin_castle, layout_basic,
          minmay_temple_entry_statues_fountains, minivault_27
D:5:      layout_cave_pools, serial_shops, shop, minivault_5, nicolae_titane,
          uniq_prince_ribbit1, uniq_pikel
Temple:   compressed_dpeg_triangle_lava_temple

Skill      XL: |  1  2  3  4  5  6 |
---------------+-------------------+-----
Dodging        | 3 4 5 |  5.0
Long Blades    | 3 4 |  4.6
Fighting       | 3 4 |  4.1
Translocations | 3 |  3.6
Throwing       | 2 |  2.1
Armour         | |  0.6
Spellcasting   | |  2.0

Action                     |  1- 3 |  4- 6 || total
---------------------------+-------+-------++-------
  Melee: Falchion          |    82 |    92 ||   174
         Glaive            |       |     7 ||     7
         Tailslap          |       |     1 ||     1
   Fire: Sling             |    63 |   117 ||   180
  Throw: Dart              |     1 |     8 ||     9
  Evoke: Wand              |       |     3 ||     3
   Stab: Paralysed         |       |     3 ||     3
 Armour: Leather armour    |    55 |    81 ||   136
  Dodge: Dodged            |    71 |    78 ||   149

Table legend: (Time is in decaauts)
 A = Elapsed time spent in this place.
 B = Non-inter-level travel time spent in this place.
 C = Inter-level travel time spent in this place.
 D = Time resting spent in this place.
 E = Time spent auto-exploring this place.
 F = Levels seen in this place.
 G = Mean time per level.
                   A        B        C        D        E       F      G
               +--------+--------+--------+--------+--------+-----+--------+
         Total |   4408 |   4312 |     96 |    308 |   2837 |   6 |  734.7 |
       Dungeon |   4394 |   4298 |     96 |    308 |   2837 |   5 |  878.8 |
        Temple |     13 |     13 |      0 |      0 |      0 |   1 |   13.0 |
               +--------+--------+--------+--------+--------+-----+--------+

Top non-repeatable levels by time:
     D:4: 1281 daAuts
     D:1: 1179 daAuts
     D:3: 994 daAuts
     D:2: 922 daAuts
     D:5: 17 daAuts
  Temple: 13 daAuts

Levels and vault maps discovered:
D:1:      saegor_arrival_simple_a, layout_loops_corners
D:2:      layout_loops_corners, serial_shops, nicolae_shop_hallway_stairs, shop,
          shop_fountains, nicolae_shop_trees, nicolae_shop_waterfront,
          hangedman_feature_mirror, st_stairs_14
D:3:      layout_loops_cross, roderic_roman_lattice, moated_statue, uniq_terence
D:4:      kennysheep_goblin_castle, layout_basic,
          minmay_temple_entry_statues_fountains, minivault_27
D:5:      layout_cave_pools, serial_shops, shop, minivault_5, nicolae_titane,
          uniq_prince_ribbit1, uniq_pikel
Temple:   compressed_dpeg_triangle_lava_temple

Table legend: (Time is in decaauts)
 A = Elapsed time spent in this place.
 B = Non-inter-level travel time spent in this place.
 C = Inter-level travel time spent in this place.
 D = Time resting spent in this place.
 E = Time spent auto-exploring this place.
 F = Levels seen in this place.
 G = Mean time per level.
                   A        B        C        D        E       F      G
               +--------+--------+--------+--------+--------+-----+--------+
         Total |   4408 |   4312 |     96 |    308 |   2837 |   6 |  734.7 |
       Dungeon |   4394 |   4298 |     96 |    308 |   2837 |   5 |  878.8 |
        Temple |     13 |     13 |      0 |      0 |      0 |   1 |   13.0 |
               +--------+--------+--------+--------+--------+-----+--------+

Top non-repeatable levels by time:
     D:4: 1281 daAuts
     D:1: 1179 daAuts
     D:3: 994 daAuts
     D:2: 922 daAuts
     D:5: 17 daAuts
  Temple: 13 daAuts

Table legend:
 A = Kills in this place as a percentage of kills in the entire game.
 B = Kills by you in this place as a percentage of kills by you in the entire game.
 C = Kills by friends in this place as a percentage of kills by friends in the entire game.
 D = Other kills in this place as a percentage of other kills in the entire game.
 E = Experience gained in this place as a percentage of experience gained in the entire game.
 F = Experience gained in this place divided by the number of levels of this place that you have seen.
                   A       B       C       D       E      F
               +-------+-------+-------+-------+-------+----------------------
         Total | 100.0 | 100.0 |   N/A |   N/A | 100.0 |  97.5
       Dungeon | 100.0 | 100.0 |   N/A |   N/A | 100.0 | 117.0
               +-------+-------+-------+-------+-------+----------------------
